 Dungeon Crawl Stone Soup version 0.17.0-24-gcfadda4 (webtiles) character file.

32386 vatarom the Transmogrifier (level 13, -4/116 HPs)
             Began as a Mottled Draconian Transmuter on Nov 16, 2015.
             Was the Champion of Makhleb.
             Killed from afar by a fire dragon (57 damage)
             ... with a blast of flame
             ... on level 8 of the Lair of Beasts.
             The game lasted 00:41:49 (17641 turns).

vatarom the Transmogrifier (DrTm)                  Turns: 17641, Time: 00:41:50

Health: -4/116     AC: 14    Str: 12    XL:     13   Next: 31%
Magic:  16/21      EV: 22    Int: 16    God:    Makhleb [******]
Gold:   509        SH:  0    Dex: 15    Spells: 5 memorised, 8 levels left

rFire  . . .     SeeInvis .       - Unarmed
rCold  . . .     Clarity  .     (armour unavailable)
rNeg   . . .     SustAt   .     (shield currently unavailable)
rPois  .         Gourm    .     (helmet restricted)
rElec  .         Spirit   .     w - +2 cloak
rCorr  .         Warding  .     (gloves currently unavailable)
rMut   .         Stasis   .     (no boots)
MR     .....                    (no amulet)
Stlth  ++........               r - +5 ring of evasion
                                k - +3 ring of protection

@: blade hands, not resistant to hostile enchantments, unstealthy
A: breathe sticky flame splash, unfitting armour, cold-blooded, AC +8
a: Breathe Sticky Flame, End Transformation, Minor Destruction, Lesser Servant
of Makhleb, Major Destruction, Greater Servant of Makhleb, Renounce Religion


You were on level 8 of the Lair of Beasts.
You worshipped Makhleb.
Makhleb was exalted by your worship.
You were hungry.
You had blades for hands.
You visited 2 branches of the dungeon, and saw 18 of its levels.

You collected 821 gold pieces.
You spent 312 gold pieces at shops.

Inventory:

Hand Weapons
 u - a +4 dagger of electrocution
Missiles
 a - 232 arrows
 g - 19 arrows of dispersal
 D - 17 poisoned arrows
Armour
 m - a +0 pair of gloves (melded)
 w - a +2 cloak (worn)
 B - a +0 buckler
Magical Staves
 s - an uncursed staff of summoning
 C - an uncursed staff of air
Jewellery
 k - a +3 ring of protection (left scythe-like blade)
 l - an uncursed amulet of regeneration
 p - an uncursed ring of protection from cold
 r - a +5 ring of evasion (right scythe-like blade)
 A - a cursed -3 ring of protection
 E - an uncursed ring of ice
 G - an uncursed ring of poison resistance
 M - an uncursed ring of protection from magic {unknown}
 Q - an uncursed ring of ice
 T - an uncursed ring of wizardry
 Z - a cursed ring of teleportation {unknown}
Wands
 i - a wand of disintegration (15)
 o - a wand of slowing (20)
 y - a wand of teleportation (1)
 H - a wand of heal wounds (4)
 J - a wand of confusion (14)
 K - a wand of frost (45)
 R - a wand of slowing (32)
 U - a wand of random effects (37)
 Y - a wand of draining (8)
Scrolls
 d - 5 scrolls of teleportation
 e - 12 scrolls of remove curse
 q - 5 scrolls of blinking
 t - 4 scrolls of fear
 v - 2 scrolls of fog
 I - 2 scrolls of identify
 L - a scroll of summoning
Potions
 c - a potion of cure mutation
 h - a potion of magic
 j - a potion of curing
 n - 4 potions of agility
 x - a potion of resistance
 z - 3 potions of brilliance
 F - a potion of invisibility
 O - 3 potions of haste
 P - 3 potions of might
 S - a potion of heal wounds
Books
 b - a book of Changes

   Spells                             Type                      Level
   a - Beastly Appendage              Transmutation                1
   b - Sticks to Snakes               Transmutation                2
   c - Spider Form                    Transmutation/Poison         3
   d - Ice Form                       Ice/Transmutation            4
   e - Blade Hands                    Transmutation                5
Comestibles
 N - 3 meat rations
 V - a beef jerky
 W - a royal jelly
 X - 2 bread rations


   Skills:
 - Level 11.1 Fighting
 + Level 8.3 Dodging
 - Level 8.5 Unarmed Combat
 + Level 5.7 Spellcasting
 - Level 12.2 Transmutations
 - Level 2.0 Ice Magic
 - Level 11.0 Invocations


You had 8 spell levels left.
You knew the following spells:

 Your Spells              Type           Power        Failure   Level  Hunger
a - Beastly Appendage     Trmt           #####.       8%          1    None
b - Sticks to Snakes      Trmt           #####.....   10%         2    #......
c - Spider Form           Trmt/Pois      ###.......   28%         3    ##.....
d - Ice Form              Ice/Trmt       ####....     45%         4    ####...
e - Blade Hands           Trmt           #####.....   24%         5    ######.


Dungeon Overview and Level Annotations

Branches:
Dungeon (10/15)            Temple (0/1) D:5            Lair (8/8) D:10
 Shoals (0/4) Lair:6        Snake (0/4) Lair:4        Slime (0/6) Lair:7
    Orc: D:9-12

Altars:
Ashenzari
Dithmenos
Makhleb
Ru
Sif Muna
Trog
Xom
The Shining One

Shops:
D:9 }


Innate Abilities, Weirdness & Mutations

You can spit globs of burning liquid.
You can ignite nearby creatures when you spit burning liquid.
Your weird mottled scales are hard (AC +8).
Your body does not fit into most forms of armour.
You are cold-blooded and may be slowed by cold attacks.


Message History

You hit the mottled dragon.
You tail-slap the mottled dragon, but do no damage.
The mottled dragon is heavily wounded.
Your crimson imp disappears in a puff of smoke!
The fire dragon completely misses you. The fire dragon barely misses you.
The fire dragon closely misses you.
Unknown command.
You barely miss the mottled dragon.
The mottled dragon is heavily wounded.
The mottled dragon breathes sticky fire at you.
The sticky flame misses you. The fire dragon bites you.
The fire dragon misses you. The fire dragon closely misses you.
You hear an angry hiss.
A demon appears!
You are feeling hungry.
The mottled dragon bites you but does no damage.
The mottled dragon closely misses you. The fire dragon breathes flames at you.
The blast of flame hits you!
You die...

♣P.P≈≈..♣
♣...P≈≈♣♣ ≈≈≈
♣♣.♣.≈≈♣ ≈≈≈
♣♣..≈≈♣♣ .≈≈.
♣..P≈≈♣♣ l.≈≈≈
♣♣..≈§≈♣♣♣P≈≈≈≈
♣♣..P≈≈♣.≈≈≈≈.
♣♣♣..D≈♣≈≈...
♣♣@D≈≈≈≈P.♣
♣.k≈≈≈..♣♣
♣♣♣3≈..♣♣ ♣♣♣♣♣


You could see a fire dragon, a fire drake, a mottled dragon and a friendly
ynoxinul.

Vanquished Creatures
  Harold (D:10)
  4 hydras
  Erica (D:9)
  A hill giant (D:10)
  Pikel (D:9)
  A manticore (Lair:6)
  3 elephants (Lair:7)
  A griffon (Lair:6)
  Joseph (D:7)
  3 black mambas
  A torpor snail (Lair:7)
  11 komodo dragons
  10 spiny frogs
  4 fire drakes
  6 blink frogs
  2 basilisks
  18 yaks
  2 steam dragons
  5 hippogriffs
  Menkaure (D:7)
  13 porcupines
  3 nagas (Lair:4)
  12 water moccasins
  2 mottled dragons (Lair:6)
  A wasp (D:10)
  2 orc warriors
  A phantom (D:8)
  4 ice beasts
  9 ogres
  2 swamp drakes (Lair:8)
  A necrophage (D:8)
  4 centaurs
  12 crocodiles
  8 giant frogs
  A big kobold (D:8)
  6 scorpions
  3 wights (D:10)
  A crimson imp (D:8)
  5 hounds
  A centaur zombie (D:5)
  4 jellies
  9 orc wizards
  6 iguanas
  Crazy Yiuf (D:6)
  6 orc priests
  A hell rat (D:10)
  2 giant frog skeletons
  12 worker ants
  A killer bee zombie (D:6)
  24 sheep
  2 hound zombies
  2 hound skeletons (D:4)
  6 gnolls
  10 adders
  36 river rats
  An ooze (D:4)
  4 adder skeletons
  A worm (D:4)
  28 orcs
  6 bats
  4 giant cockroaches
  7 hobgoblins
  7 jackals
  3 ball pythons
  5 giant geckos
  A giant gecko skeleton (D:4)
  9 giant newts
  9 goblins
  17 kobolds
  6 quokkas
  A quokka skeleton (D:4)
  2 quokka zombies
  12 rats
413 creatures vanquished.

Vanquished Creatures (collateral kills)
  Nessos (Lair:6)
  3 hydras
  Erolcha (D:9)
  A griffon (Lair:6)
  2 komodo dragons
  2 blink frogs (Lair:3)
  A deep elf mage (D:9)
  A hippogriff (Lair:7)
  A wolf (D:10)
  2 yaks (Lair:7)
  A water moccasin (Lair:1)
  A porcupine (Lair:4)
  2 slaves (D:9)
  A phantom (D:9)
  A crocodile (Lair:3)
  2 scorpions (D:6)
  An electric eel (Lair:3)
  An orc priest (D:6)
  9 jellies (Lair:7)
  A gnoll (D:9)
  3 river rats (Lair:1)
  2 oozes (Lair:7)
  An orc (D:6)
41 creatures vanquished.

Vanquished Creatures (others)
  6 fungi
  2 plants
8 creatures vanquished.

Grand Total: 462 creatures vanquished

Notes
Turn   | Place    | Note
--------------------------------------------------------------
     0 | D:1      | vatarom the Draconian Transmuter began the quest for the Orb.
     0 | D:1      | Reached XP level 1. HP: 16/16 MP: 3/3
   220 | D:1      | Reached XP level 2. HP: 23/23 MP: 3/5
   276 | D:1      | Learned a level 2 spell: Sticks to Snakes
   998 | D:2      | Reached XP level 3. HP: 15/28 MP: 6/6
  1008 | D:2      | Learned a level 3 spell: Spider Form
  1437 | D:2      | Found a burning altar of Makhleb.
  1444 | D:2      | Reached XP level 4. HP: 32/35 MP: 7/7
  1449 | D:2      | Became a worshipper of Makhleb the Destroyer
  1908 | D:3      | Reached * piety under Makhleb
  2006 | D:3      | Found a bloodstained altar of Trog.
  2218 | D:3      | Reached XP level 5. HP: 33/40 MP: 1/8
  2550 | D:3      | Found a sacrificial altar of Ru.
  2550 | D:3      | Found a glowing golden altar of the Shining One.
  2722 | D:4      | Reached skill level 4 in Dodging
  3179 | D:4      | Reached XP level 6. HP: 50/50 MP: 3/9
  3288 | D:4      | Reached ** piety under Makhleb
  3403 | D:4      | Found a deep blue altar of Sif Muna.
  3556 | D:4      | Noticed an ogre
  3565 | D:4      | Killed an ogre
  3565 | D:4      | Reached skill level 1 in Invocations
  3706 | D:4      | Reached skill level 5 in Transmutations
  3706 | D:4      | Your scales start taking on a weird mottled colour.
  3706 | D:4      | Reached XP level 7. HP: 42/58 MP: 4/10
  3730 | D:4      | Learned a level 4 spell: Ice Form
  3853 | D:4      | Noticed an ogre
  3874 | D:4      | Killed an ogre
  3874 | D:4      | Reached skill level 1 in Ice Magic
  4117 | D:5      | Entered Level 5 of the Dungeon
  4324 | D:5      | Reached skill level 6 in Transmutations
  4348 | D:5      | Reached XP level 8. HP: 22/67 MP: 3/11
  5134 | D:5      | Found a staircase to the Ecumenical Temple.
  5199 | D:6      | Reached skill level 7 in Transmutations
  5368 | D:6      | Reached *** piety under Makhleb
  5404 | D:6      | Found a shimmering altar of Xom.
  5870 | D:6      | Noticed Crazy Yiuf
  5877 | D:6      | Killed Crazy Yiuf
  5877 | D:6      | Reached skill level 5 in Invocations
  6038 | D:6      | Reached skill level 8 in Transmutations
  6070 | D:6      | Found a shadowy altar of Dithmenos.
  6095 | D:6      | Reached XP level 9. HP: 64/73 MP: 9/13
  6268 | D:7      | Noticed Joseph
  6269 | D:7      | Noticed Menkaure
  6292 | D:7      | Killed Joseph
  6307 | D:7      | Killed Menkaure
  6307 | D:7      | Reached skill level 5 in Unarmed Combat
  6605 | D:7      | Found a shattered altar of Ashenzari.
  7380 | D:8      | Learned a level 5 spell: Blade Hands
  7535 | D:8      | Reached **** piety under Makhleb
  7750 | D:8      | Reached XP level 10. HP: 54/78 MP: 17/17
  8134 | D:9      | Noticed Pikel
  8150 | D:9      | Killed Pikel
  8310 | D:9      | Found Elim's Quality Used Wands.
  8322 | D:9      | Bought a wand of heal wounds (0) for 312 gold pieces
  8414 | D:9      | Noticed Erica
  8773 | D:9      | Got a faintly humming leather armour
  8774 | D:9      | Identified the +1 leather armour of the Black Skies {rC+ MR- Int+5} (You found it on level 9 of the Dungeon)
  8786 | D:9      | Noticed Erolcha
  8792 | D:9      | Killed Erica
  8823 | D:9      | Killed Erolcha
  8823 | D:9      | Reached skill level 9 in Transmutations
  9119 | D:10     | Entered Level 10 of the Dungeon
  9230 | D:10     | Found a staircase to the Lair.
  9329 | D:10     | Reached ***** piety under Makhleb
  9494 | D:10     | Noticed Harold
  9504 | D:10     | Killed Harold
  9504 | D:10     | Reached XP level 11. HP: 26/83 MP: 9/18
  9859 | D:10     | Reached skill level 5 in Fighting
  9910 | D:10     | Noticed a hill giant
  9929 | D:10     | Killed a hill giant
  9952 | Lair:1   | Entered Level 1 of the Lair of Beasts
 10109 | Lair:1   | Noticed an eight-headed hydra
 10117 | Lair:1   | Killed an eight-headed hydra
 10405 | Lair:1   | Reached skill level 10 in Transmutations
 10528 | Lair:1   | Noticed a five-headed hydra
 10538 | Lair:1   | Got a steaming robe
 10539 | Lair:1   | Identified the +2 robe "Saugunaj" {Str+3} (You found it on level 1 of the Lair of Beasts)
 10558 | Lair:1   | Killed a five-headed hydra
 10796 | Lair:1   | Reached skill level 10 in Invocations
 11931 | Lair:3   | Noticed a six-headed hydra
 11939 | Lair:3   | Killed a six-headed hydra
 12222 | Lair:3   | Identified the Almanac of Curses
 12227 | Lair:3   | Learned a level 3 spell: Confuse
 12450 | Lair:3   | Found a dark tunnel.
 12454 | Lair:3   | Reached XP level 12. HP: 79/104 MP: 14/20
 12614 | Lair:3   | Noticed an eight-headed hydra
 12641 | Lair:3   | Killed an eight-headed hydra
 12830 | Lair:3   | Reached skill level 11 in Invocations
 13123 | Lair:4   | Reached skill level 10 in Fighting
 13588 | Lair:4   | Found a staircase to the Snake Pit.
 13684 | Lair:4   | Noticed a seven-headed hydra
 13696 | Lair:4   | Killed a seven-headed hydra
 15211 | Lair:6   | Reached skill level 5 in Dodging
 15557 | Lair:6   | Found a staircase to the Shoals.
 15590 | Lair:6   | Noticed Nessos
 15981 | Lair:6   | Killed Nessos
 16300 | Lair:6   | Noticed a four-headed hydra
 16306 | Lair:6   | Killed a four-headed hydra
 16308 | Lair:6   | Noticed a five-headed hydra
 16314 | Lair:6   | Killed a five-headed hydra
 16498 | Lair:7   | Reached skill level 12 in Transmutations
 16508 | Lair:7   | Reached XP level 13. HP: 94/116 MP: 16/21
 16569 | Lair:7   | Found a staircase to the Slime Pits.
 16867 | Lair:7   | Reached ****** piety under Makhleb
 17176 | Lair:7   | Reached skill level 5 in Spellcasting
 17369 | Lair:8   | Entered Level 8 of the Lair of Beasts
 17641 | Lair:8   | Killed from afar by a fire dragon

Action                   |  1- 3 |  4- 6 |  7- 9 | 10-12 | 13-15 || total
-------------------------+-------+-------+-------+-------+-------++-------
Melee: Unarmed           |    39 |    35 |   192 |   634 |   179 ||  1079
       Short sword       |    76 |   138 |    62 |       |       ||   276
       Dagger            |       |       |   118 |    40 |       ||   158
 Cast: Beastly Appendage |     7 |     1 |     1 |       |       ||     9
       Spider Form       |     1 |     8 |    12 |     1 |       ||    22
       Ice Form          |       |       |    11 |    40 |     7 ||    58
       Blade Hands       |       |       |       |    28 |    12 ||    40
Invok: Lesser Servant of |       |       |     2 |    19 |     5 ||    26
       Minor Destruction |       |       |     1 |     1 |       ||     2
       Major Destruction |       |       |       |     1 |       ||     1
 Abil: Breathe Sticky Fl |       |       |     9 |     1 |     1 ||    11
       End Transformatio |       |       |       |     2 |     1 ||     3
  Use: Potion            |     3 |     3 |     7 |     6 |     2 ||    21
       Scroll            |     3 |     3 |     4 |    24 |     2 ||    36
 Stab: Sleeping          |     1 |     1 |     3 |     4 |     2 ||    11
       Invisible         |       |       |     3 |       |       ||     3
       Distracted        |       |       |       |     3 |       ||     3
       Confused          |       |       |       |       |     2 ||     2
  Eat: Bread ration      |     1 |     2 |     5 |     2 |       ||    10
       Chunk             |       |       |     1 |    11 |     9 ||    21
       Meat ration       |       |       |       |     3 |       ||     3
       Beef jerky        |       |       |       |     2 |       ||     2
       Royal jelly       |       |       |       |     2 |       ||     2
       Pizza             |       |       |       |     2 |       ||     2
